 Dungeon Crawl Stone Soup version 0.21-a0-2-ge494091 (webtiles) character file.

2659 mopl the Cleaver (level 9, -7/106 HPs)
             Began as a Minotaur Chaos Knight on May 21, 2017.
             Was a Follower of Okawaru.
             Mangled by a spriggan baker
             ... wielding a +0 dagger
              (11 damage)
             ... on level 7 of the Dungeon.
             The game lasted 00:10:16 (7080 turns).

mopl the Cleaver (Minotaur Chaos Knight)            Turns: 7080, Time: 00:10:16

Health: -7/106     AC: 10    Str: 24 (25) XL:     9   Next: 36%
Magic:  9/9        EV:  8    Int:  8 (9)  God:    Okawaru [*.....]
Gold:   348        SH:  0    Dex: 11 (12) Spells: 8/8 levels left

rFire    . . .     SeeInvis .   a - +0 hand axe (chaos)
rCold    . . .     Gourm    .   (no shield)
rNeg     . . .     Faith    .   j - +0 chain mail
rPois    .         Spirit   .   (helmet restricted)
rElec    .         Reflect  .   (no cloak)
rCorr    +         Harm     .   (no gloves)
MR       .....                  (no boots)
Stlth    ..........             (no amulet)
Regen    0.3/turn               r - +4 ring of strength
MPRegen  0.2/turn               t - ring of resist corrosion

@: berserking, very quick
A: retaliatory headbutt, horns 2, blurry vision 1, deterioration 1, frail 1,
weak 1
a: Heroism, Renounce Religion


You were on level 7 of the Dungeon.
You worshipped Okawaru.
Okawaru was aware of your devotion.
You were not hungry.

You visited 1 branch of the dungeon, and saw 7 of its levels.

You collected 348 gold pieces.

Inventory:

Hand Weapons
 a - a +0 hand axe of chaos (weapon)
Missiles
 f - 30 poisoned needles
 p - 6 tomahawks (quivered)
 A - 4 curare-tipped needles
 F - 7 javelins of penetration
Armour
 j - a +0 chain mail (worn)
 x - a +0 plate armour
Jewellery
 r - a +4 ring of strength (left hand)
 t - a ring of resist corrosion (right hand)
Wands
 b - a wand of confusion (37/48)
 u - a wand of random effects (28/48)
 y - a wand of polymorph (21/24)
 B - a wand of confusion (17/48)
 E - a wand of polymorph (13/24)
 I - a wand of iceblast (8/15)
Scrolls
 e - a scroll of enchant weapon {unknown}
 g - 3 scrolls of teleportation {unknown}
 h - 4 scrolls of remove curse {unknown}
 n - a scroll of amnesia {unknown}
 o - 2 scrolls of blinking {unknown}
 J - a scroll of recharging {unknown}
Potions
 d - 2 potions of degeneration {unknown}
 i - a potion of brilliance
 k - 5 potions of flight
 l - 2 potions of might
 s - a potion of curing
 w - a potion of lignification {!q}
 z - a potion of resistance {unknown}
 C - a potion of cancellation {unknown}
 D - a potion of mutation {unknown}
Comestibles
 c - 7 bread rations
 m - 2 meat rations
 v - 2 royal jellies
 H - 2 fruits


   Skills:
 + Level 7.0 Fighting
 * Level 12.6 Axes
 + Level 6.3 Armour
 - Level 1.1 Dodging
 + Level 2.2 Invocations


You had 8 spell levels left.
You didn't know any spells.

Dungeon Overview and Level Annotations

Branches:
Dungeon (7/15)             Temple (0/1) D:7

Altars:
Dithmenos
Fedhas
Kikubaaqudgha
Nemelex Xobeh
Okawaru
Qazlal
Ru
Vehumet
Xom
Yredelemnul


Innate Abilities, Weirdness & Mutations

You reflexively headbutt those who attack you in melee.
You have a pair of horns on your head.
Scrolls take you a little longer to read.
Your body sometimes deteriorates upon taking damage.
You are frail. (-10% HP)
You are weak. (Str -2)


Message History

You hit something. Your headbutt misses something.
Something hits you but does no damage.
You miss something. You headbutt something! Something hits you!
You miss something. Something hits you!
* * * LOW HITPOINT WARNING * * *
Your body deteriorates!
You feel clumsy.
You completely miss something. Your headbutt misses something.
Something hits you!
* * * LOW HITPOINT WARNING * * *
Okay, then.
Okay, then.
You feel better. Something hits you!
* * * LOW HITPOINT WARNING * * *
Your body deteriorates!
You feel dopey.
Really quaff
q - a potion of berserk rage {!q}?
A red film seems to cover your vision as you go berserk!
You feel yourself moving faster!
You feel mighty! Something hits you.
* * * LOW HITPOINT WARNING * * *
Something hits you!
You die...

# # # ###
############# %%#
............#
##.#
#############
#{.# # ####@# #
#.#..# # ##.#.##
############....#
................#
........####....#
####..........#.#
# #........###.#
#########
####.....##.# #.#
#.......#


There were no monsters in sight!

Vanquished Creatures
  The ghost of murphy the Geomancer, a novice DEEE (D:7)
  Eustachio (D:5)
  Menkaure (D:7)
  Duvessa (D:5)
  A water moccasin (D:5)
  2 orc warriors (D:6)
  A sky beast (D:7)
  An ice beast (D:5)
  2 ogres
  3 phantoms
  2 centaurs
  A bullfrog (D:6)
  Dowan (D:5)
  2 bullfrog zombies (D:5)
  A centaur zombie (D:6)
  2 crimson imps
  A hound (D:5)
  3 orc wizards (D:6)
  A quasit (D:7)
  A centaur skeleton (D:4)
  An orc priest (D:3)
  2 iguanas
  7 worker ants
  A worker ant zombie (D:6)
  8 gnolls
  6 adders
  A shadow imp (D:7)
  An ooze (D:5)
  4 worms
  A dart slug (D:2)
  5 leopard geckos
  25 orcs
  14 bats
  7 giant cockroaches
  10 goblins
  7 hobgoblins
  3 jackals (D:1)
  4 quokkas
  2 ball pythons (D:3)
  8 frilled lizards
  9 kobolds
  3 leopard gecko skeletons
  9 rats
167 creatures vanquished.

Notes
Turn   | Place    | Note
-------+----------+-------------------------------------------
     0 | D:1      | mopl the Minotaur Chaos Knight began the quest for the Orb.
     0 | D:1      | Reached XP level 1. HP: 19/19 MP: 0/0
     0 | D:1      | Fell from the grace of Xom
    47 | D:1      | XOM: polymorph rat -> frilled lizard
    48 | D:1      | Reached skill level 4 in Axes
    68 | D:1      | Reached XP level 2. HP: 26/26 MP: 1/1
   119 | D:1      | XOM: summons 3 hostile shadow creatures
   448 | D:1      | Reached skill level 5 in Axes
   522 | D:1      | Reached XP level 3. HP: 31/31 MP: 2/2
   920 | D:2      | Found a faded altar of an unknown god.
  1289 | D:3      | Reached skill level 6 in Axes
  1289 | D:3      | Reached XP level 4. HP: 37/39 MP: 3/3
  1598 | D:3      | XOM: medium Chrm miscast
  1620 | D:3      | Reached XP level 5. HP: 31/45 MP: 4/4
  1632 | D:3      | Reached skill level 7 in Axes
  1954 | D:4      | XOM: summons 4 hostile shadow creatures
  2144 | D:4      | Found a blossoming altar of Fedhas.
  2153 | D:4      | Noticed a centaur
  2161 | D:4      | Killed a centaur
  2161 | D:4      | Reached skill level 8 in Axes
  2238 | D:4      | Reached XP level 6. HP: 38/51 MP: 5/5
  2400 | D:4      | XOM: give mutations
  2400 | D:4      | Gained mutation: You are weak. (Str -2) [Xom's mischief]
  2400 | D:4      | Gained mutation: Scrolls take you a little longer to read. [Xom's mischief]
  2400 | D:4      | Gained mutation: Your body sometimes deteriorates upon taking damage. [Xom's mischief]
  2400 | D:4      | Gained mutation: You are frail. (-10% HP) [Xom's mischief]
  2573 | D:4      | Found a sacrificial altar of Ru.
  2576 | D:4      | Found a radiant altar of Vehumet.
  2579 | D:4      | Found a stormy altar of Qazlal.
  2698 | D:4      | Reached skill level 9 in Axes
  2780 | D:5      | Entered Level 5 of the Dungeon
  2820 | D:5      | Noticed a water moccasin
  2820 | D:5      | a gnoll shaman changed into a water moccasin
  2826 | D:5      | Killed a water moccasin
  2826 | D:5      | Reached XP level 7. HP: 18/51 MP: 6/6
  3211 | D:5      | Reached skill level 10 in Axes
  3428 | D:5      | HP: 2/52 [ice beast (13)]
  3431 | D:5      | Reached skill level 4 in Fighting
  3431 | D:5      | Reached skill level 3 in Armour
  3741 | D:5      | Found an ancient bone altar of Kikubaaqudgha.
  3787 | D:5      | Noticed Eustachio
  3805 | D:5      | Killed Eustachio
  3995 | D:5      | Noticed Dowan
  3996 | D:5      | Noticed Duvessa
  4008 | D:5      | Killed Duvessa
  4008 | D:5      | Reached skill level 4 in Armour
  4008 | D:5      | Reached XP level 8. HP: 50/60 MP: 7/7
  4018 | D:5      | Killed Dowan
  4018 | D:5      | Reached skill level 5 in Fighting
  4038 | D:5      | Reached skill level 11 in Axes
  4118 | D:5      | Found an iron altar of Okawaru.
  4269 | D:5      | Became a worshipper of Warmaster Okawaru
  4403 | D:5      | XOM: mild Erth miscast
  4822 | D:6      | Reached skill level 5 in Armour
  5157 | D:6      | XOM: mild Necr miscast
  5308 | D:6      | Found a shadowy altar of Dithmenos.
  5397 | D:6      | Reached skill level 6 in Fighting
  5711 | D:6      | Reached * piety under Okawaru
  5711 | D:6      | Reached skill level 12 in Axes
  5865 | D:6      | Reached skill level 1 in Invocations
  5865 | D:6      | Reached XP level 9. HP: 68/70 MP: 8/8
  6076 | D:7      | Found a sparkling altar of Nemelex Xobeh.
  6207 | D:7      | Noticed Menkaure
  6215 | D:7      | Killed Menkaure
  6215 | D:7      | Reached skill level 6 in Armour
  6256 | D:7      | XOM: 4-stop teleportation journey
  6369 | D:7      | Found a basalt altar of Yredelemnul.
  6369 | D:7      | XOM: 5-stop teleportation journey
  6439 | D:7      | XOM: scenery: create altars
  6462 | D:7      | Noticed murphy's ghost (novice DEEE)
  6472 | D:7      | Killed murphy's ghost
  6472 | D:7      | Reached skill level 2 in Invocations
  6517 | D:7      | XOM: summons 2 hostile demons
  6791 | D:7      | Found a staircase to the Ecumenical Temple.
  6853 | D:7      | Reached skill level 7 in Fighting
  7080 | D:7      | HP: 4/106 [something (5)]
  7080 | D:7      | Mangled by a spriggan baker

Vault maps used:
D:1:      lemuel_arrival_rhombus, minmay_pentomino_s2
D:2:      chequers_ecumenical_altar_grove
D:4:      corexii_shack_village, grunt_temple_overflow_diamond, first_bread,
          fedhas_bush_and_centaur_altar
D:5:      lemuel_doored_altar, okawaru_gym_becter, uniq_eustachio, uniq_duvessa
D:6:      kennysheep_mini_moat
D:7:      lemuel_round_altar, minmay_temple_entry_mist, the_bakery,
          nemelex_xobeh_ov_fountains_minmay, uniq_menkaure

Skill      XL: |  1  2  3  4  5  6  7  8  9 |
---------------+----------------------------+-----
Axes           | 4 5 6 8 9 10 12 | 12.6
Fighting       | 4 6 7 |  7.0
Armour         | 4 5 6 |  6.3
Invocations    | 1 2 |  2.2
Dodging        | |  1.1

Action                   |  1- 3 |  4- 6 |  7- 9 || total
-------------------------+-------+-------+-------++-------
Melee: Hand axe          |   118 |   137 |   304 ||   559
       Headbutt          |    16 |    18 |    60 ||    94
Throw: Tomahawk          |       |       |     1 ||     1
Invok: Renounce Religion |     1 |       |       ||     1
  Use: Scroll            |       |     6 |     1 ||     7
       Potion            |       |       |     3 ||     3
 Stab: Paralysed         |     1 |       |     1 ||     2
       Confused          |       |     1 |     1 ||     2
  Eat: Chunk             |     1 |     5 |    14 ||    20
Armor: Leather armour    |    27 |       |       ||    27
       Chain mail        |    42 |    65 |   118 ||   225
Dodge: Dodged            |    61 |    53 |    72 ||   186
